[Event "Titled Tuesday Blitz September 20 Late 2022"]
[White "Domalchuk-Jonasson, Aleksandr"]
[Black "Bortnyk, Mykola"]
[WhiteFideId "14142805"]
[BlackFideId "14120836"]
[WhiteElo "1991"]
[BlackElo "2582"]
[Result "1/2-1/2"]
[Round "02"]
[TimeControl "180+1"]
[Date "2022.09.20"]
[WhiteClock "0:00:06"]
[BlackClock "0:00:13"]

1. d4 Nf6 2. c4 e6 3. Nf3 Bb4+ 4. Bd2 Qe7 5. g3 Nc6 6. Bg2 Bxd2+ 7. Qxd2 Ne4 8. Qc2 Qb4+ 9. Nc3 f5 10. Qb3 a5 11. O-O a4 12. Qxb4 Nxb4 13. Nb5 Kd8 14. a3 Na6 15. Rac1 d6 16. Rfd1 Bd7 17. Nc3 Nxc3 18. Rxc3 Ke7 19. Nd2 Rab8 20. e4 fxe4 21. Nxe4 b5 22. cxb5 Bxb5 23. Re1 h6 24. f4 Rhe8 25. Rce3 Kd7 26. Nc3 c6 27. f5 exf5 28. Rxe8 Rxe8 29. Rxe8 Kxe8 30. Nxb5 cxb5 31. Bc6+ Kd8 32. Bxb5 Nc7 33. Bxa4 Ne6 34. d5 Nc5 35. Bc2 g6 36. b4 Nd7 37. Kf2 Nf6 38. Bb3 Kc7 39. Ke3 Ng4+ 40. Kf4 Nxh2 41. Bd1 Kb6 42. a4 h5 43. Be2 Ng4 44. a5+ Kb7 45. Bxg4 hxg4 46. b5 Ka7 47. Kg5 Kb7 48. Kf4 Kc7 49. b6+ Kb7 50. Kg5 Ka6 51. Kf4 Kb7 52. Ke3 g5 53. Kd4 Ka6 54. Ke3 Kb7 55. Kf2 Ka6 56. Ke3 Kb7 1/2-1/2


[Site "https://www.chess.com"]

[Event "Titled Tuesday Blitz September 20 Late 2022"]
[White "Fernandez De La Vara, Arnaldo"]
[Black "Jobava, Baadur"]
[WhiteFideId "3518388"]
[BlackFideId "13601520"]
[WhiteElo "2387"]
[BlackElo "2582"]
[Result "0-1"]
[Round "02"]
[TimeControl "180+1"]
[Date "2022.09.20"]
[WhiteClock "0:00:01"]
[BlackClock "0:00:39"]

1. Nf3 d5 2. b3 Bg4 3. Bb2 Bxf3 4. exf3 c5 5. g3 Nc6 6. f4 e6 7. Bg2 Nf6 8. O-O Be7 9. d3 O-O 10. Nd2 Nd7 11. f5 Bf6 12. Qc1 Bxb2 13. Qxb2 Qf6 14. Qxf6 Nxf6 15. fxe6 fxe6 16. Rfe1 Rfe8 17. f4 e5 18. fxe5 Nxe5 19. h3 Kf7 20. Nf3 Nc6 21. Ng5+ Kg6 22. Ne6 Nb4 23. Re2 Kf7 24. Ng5+ Kg8 25. Rae1 Rxe2 26. Rxe2 h6 27. Ne6 Re8 28. a3 Nc6 29. Kf2 b6 30. c4 Kf7 31. Bxd5 Nxd5 32. cxd5 Ne7 33. Nf4 Rd8 34. Re5 g5 35. Nh5 Nxd5 36. g4 Ne7 37. Ke3 a5 38. a4 Nd5+ 39. Ke4 Nc3+ 0-1


[Site "https://www.chess.com"]

[Event "Titled Tuesday Blitz September 20 Late 2022"]
[White "Gascon Del Nogal, Jose Rafael"]
[Black "Terry, Renato"]
[WhiteFideId "3902463"]
[BlackFideId "3803457"]
[WhiteElo "2473"]
[BlackElo "2577"]
[Result "0-1"]
[Round "02"]
[TimeControl "180+1"]
[Date "2022.09.20"]
[WhiteClock "0:00:01"]
[BlackClock "0:00:29"]

1. Nf3 Nf6 2. c4 b6 3. g3 Bb7 4. Bg2 g6 5. O-O Bg7 6. d4 e6 7. Qc2 O-O 8. Nc3 d5 9. cxd5 exd5 10. Ne5 c6 11. b4 Nbd7 12. Bf4 Nh5 13. b5 cxb5 14. Nxd5 Nxe5 15. dxe5 Bxd5 16. Rfd1 Rc8 17. Qb2 Nxf4 18. gxf4 Qh4 19. Rxd5 Qxf4 20. e3 Qc4 21. Rad1 Rc5 22. Rxc5 bxc5 23. f4 Qa4 24. Rd7 c4 25. Bd5 Qd1+ 26. Kf2 Qh5 27. Qxb5 Qxh2+ 28. Bg2 g5 29. Qxc4 Qh4+ 30. Kf1 Bxe5 31. Bd5 gxf4 32. exf4 Bxf4 33. Bxf7+ Kg7 34. Bd5+ Kh6 35. Ke2 Qh2+ 36. Kd3 Qd2+ 37. Ke4 Qe3# 0-1


[Site "https://www.chess.com"]

[Event "Titled Tuesday Blitz September 20 Late 2022"]
[White "Goroshkov, Maksym"]
[Black "Maksimovic, Bojan"]
[WhiteFideId "14142716"]
[BlackFideId "14408120"]
[WhiteElo "2257"]
[BlackElo "2447"]
[Result "0-1"]
[Round "02"]
[TimeControl "180+1"]
[Date "2022.09.20"]
[WhiteClock "0:00:08"]
[BlackClock "0:00:07"]

1. e4 c5 2. c3 d6 3. d4 Qc7 4. Nf3 Nf6 5. Bd3 Nc6 6. O-O Bg4 7. Be3 cxd4 8. cxd4 e5 9. d5 Nd4 10. Bxd4 exd4 11. Bb5+ Nd7 12. Qxd4 Bxf3 13. gxf3 a6 14. Bxd7+ Qxd7 15. Nc3 Be7 16. f4 O-O 17. Qe3 Bf6 18. Rac1 Rfe8 19. Rfe1 Rac8 20. Qg3 Rc4 21. b3 Rb4 22. e5 dxe5 23. Ne4 Kh8 24. Nc5 Qxd5 25. Nd3 Rd4 26. Nxe5 Bxe5 27. Rxe5 Rd1+ 28. Rxd1 Qxd1+ 29. Kg2 Rd8 30. Re7 g6 31. Rxb7 Qd5+ 32. Qf3 Qf5 33. Re7 Rd4 34. Re5 Qxf4 35. Qxf4 Rxf4 36. Ra5 Rf6 37. Rc5 Kg7 38. Rc7 Rd6 39. Ra7 Kf6 40. b4 h5 41. a4 Ke6 42. h4 f6 43. b5 axb5 44. axb5 Rd4 45. Rb7 Rxh4 46. Rb6+ Kf5 47. Rb7 Rb4 48. Rb6 g5 49. Rb7 h4 50. Rb8 Kg4 51. b6 h3+ 52. Kh2 Rb2 53. Kg1 h2+ 54. Kxh2 Rxf2+ 55. Kg1 Rb2 56. b7 f5 57. Kf1 f4 58. Kg1 f3 59. Kf1 Kg3 60. Ke1 Rb1+ 61. Kd2 f2 62. Rg8 f1=Q 63. Rxg5+ Kh4 64. Rc5 Qd1+ 65. Kc3 Rxb7 66. Kc4 Qc2+ 67. Kd4 Rd7+ 68. Rd5 Qd2+ 69. Kc5 Qxd5+ 70. Kb6 Rb7+ 71. Ka6 Qb5# 0-1


[Site "https://www.chess.com"]

[Event "Titled Tuesday Blitz September 20 Late 2022"]
[White "Gurevich, Dmitry"]
[Black "Pakleza, Zbigniew"]
[WhiteFideId "2000407"]
[BlackFideId "1119290"]
[WhiteElo "2506"]
[BlackElo "2411"]
[Result "0-1"]
[Round "02"]
[TimeControl "180+1"]
[Date "2022.09.20"]
[WhiteClock "0:00:26"]
[BlackClock "0:00:05"]

1. d4 d6 2. Nf3 Bg4 3. g3 Bxf3 4. exf3 e6 5. c4 c6 6. f4 d5 7. f5 exf5 8. Qb3 Qb6 9. cxd5 Qxb3 10. axb3 cxd5 11. Nc3 Bb4 12. Bg2 Nf6 13. O-O Bxc3 14. bxc3 Nc6 15. Ba3 Kd7 16. Rfd1 Ne4 17. Rac1 Rac8 18. f3 Nf6 19. Bf1 a6 20. Kf2 Rhe8 21. c4 Na5 22. Rc3 b5 23. Rdc1 dxc4 24. bxc4 Nxc4 25. Bxc4 Rxc4 26. Rxc4 bxc4 27. Rxc4 Rc8 28. Bc5 Nd5 29. Ra4 Ra8 30. Ra5 Kc6 31. Ke2 g6 32. Kd3 Nc7 33. Bb4 Rb8 34. Rc5+ Kd7 35. Ba5 Ne6 36. Rc2 Rb3+ 37. Bc3 Nc7 38. Kc4 Rb1 39. d5 Nb5 40. Bb2 Rd1 41. Re2 Nd6+ 42. Kc5 g5 43. Bf6 Rc1+ 44. Kd4 g4 45. Re7+ Kc8 46. fxg4 fxg4 47. Be5 Nf5+ 0-1


[Site "https://www.chess.com"]

[Event "Titled Tuesday Blitz September 20 Late 2022"]
[White "Guz, Ari"]
[Black "Bortnyk, Olexandr"]
[WhiteFideId "2825759"]
[BlackFideId "14120828"]
[WhiteElo "1913"]
[BlackElo "2723"]
[Result "0-1"]
[Round "02"]
[TimeControl "180+1"]
[Date "2022.09.20"]
[WhiteClock "0:00:22"]
[BlackClock "0:00:43"]

1. e4 d6 2. d4 Nf6 3. Nc3 Nbd7 4. f4 e5 5. Nf3 exd4 6. Qxd4 c6 7. Be3 d5 8. e5 Bc5 9. Qd2 Bxe3 10. Qxe3 Ng4 11. Qd2 Qb6 12. O-O-O h5 13. h3 Nh6 14. g4 Nc5 15. f5 Bd7 16. Qf4 O-O-O 17. Bg2 Rde8 18. Nd4 g6 19. f6 Ne6 20. Nxe6 Bxe6 21. Bf3 Reg8 22. g5 Nf5 23. h4 Rd8 24. Rd2 Rhe8 25. Na4 Qa5 26. Rhd1 d4 27. b3 Bd5 28. Bxd5 Rxd5 29. Nb2 Qxa2 30. Re2 Qa1+ 0-1


[Site "https://www.chess.com"]

[Event "Titled Tuesday Blitz September 20 Late 2022"]
[White "Hansen, Eric"]
[Black "Martinovici, Ilia"]
[WhiteFideId "2606771"]
[BlackFideId "13907034"]
[WhiteElo "2568"]
[BlackElo "2282"]
[Result "1-0"]
[Round "02"]
[TimeControl "180+1"]
[Date "2022.09.20"]
[WhiteClock "0:00:42"]
[BlackClock "0:00:14"]

1. e4 c5 2. Nf3 e6 3. d4 cxd4 4. Nxd4 a6 5. Bd3 Qc7 6. O-O Nf6 7. Re1 Bd6 8. h3 Nc6 9. Nxc6 dxc6 10. Nd2 b5 11. a4 Bb7 12. c4 b4 13. c5 Bxc5 14. e5 Nd5 15. Ne4 Be7 16. Nd6+ Bxd6 17. exd6 Qxd6 18. Qg4 O-O-O 19. Qxg7 f5 20. Qh6 Rhe8 21. Bxf5 Kb8 22. Bg5 Rd7 23. Bxe6 Rc7 24. Bxd5 Rxe1+ 25. Rxe1 Qxd5 26. Bf4 c5 27. Qg7 Ka8 28. Bxc7 1-0


[Site "https://www.chess.com"]

[Event "Titled Tuesday Blitz September 20 Late 2022"]
[White "Horobetz, Graham"]
[Black "Sjugirov, Sanan"]
[WhiteFideId "2047322"]
[BlackFideId "4189302"]
[WhiteElo "2609"]
[BlackElo "2609"]
[Result "0-1"]
[Round "02"]
[TimeControl "180+1"]
[Date "2022.09.20"]
[WhiteClock "0:00:02"]
[BlackClock "0:00:16"]

1. e4 c6 2. d4 d5 3. Nc3 dxe4 4. Nxe4 Nf6 5. Nxf6+ exf6 6. c3 Bd6 7. Bd3 O-O 8. Qc2 Re8+ 9. Ne2 h6 10. O-O Nd7 11. Bf4 Nf8 12. Bxd6 Qxd6 13. Ng3 Be6 14. f4 Rad8 15. f5 Bc8 16. Rae1 Rxe1 17. Rxe1 Qc7 18. Qe2 c5 19. dxc5 Qxc5+ 20. Qe3 Qc7 21. Bc2 a5 22. Bb3 Nd7 23. Qe7 Qc5+ 24. Re3 Qxe7 25. Rxe7 Ne5 26. Rc7 b5 27. a4 Bd7 28. axb5 Bxb5 29. Rc5 Rb8 30. Bc2 a4 31. b4 a3 32. Bb3 Ba4 33. Ba2 Rd8 34. Ra5 Rd1+ 35. Kf2 Rd2+ 36. Ke3 Rxa2 37. Rxa4 Rxg2 38. Kd4 a2 39. b5 Rxh2 40. c4 Rb2 41. Ne4 h5 42. Nc3 Rd2+ 43. Kc5 Rc2 44. Ne4 Rxc4+ 45. Rxc4 a1=Q 0-1


[Site "https://www.chess.com"]

[Event "Titled Tuesday Blitz September 20 Late 2022"]
[White "Iliaguev, Nisim"]
[Black "Manukyan, Sargis A."]
[WhiteFideId "2817276"]
[BlackFideId "13303970"]
[WhiteElo "2107"]
[BlackElo "2187"]
[Result "1-0"]
[Round "02"]
[TimeControl "180+1"]
[Date "2022.09.20"]
[WhiteClock "0:01:28"]
[BlackClock "0:00:02"]

1. d4 Nf6 2. g3 c5 3. Nf3 cxd4 4. Nxd4 e5 5. Nb3 d5 6. Bg2 Nc6 7. O-O Be6 8. Bg5 Be7 9. Bxf6 gxf6 10. e3 Qd7 11. Nc3 Rd8 12. Qe2 h5 13. h4 Bb4 14. Rad1 Bxc3 15. bxc3 Bg4 16. f3 Be6 17. c4 Qc7 18. Nc5 d4 19. Nxe6 fxe6 20. f4 Qb6 21. fxe5 fxe5 22. Bf3 Kd7 23. exd4 exd4 24. Bxh5 d3+ 25. Kh2 Kc7 26. Rxd3 Nd4 27. Qe5+ Kc8 28. c5 Qb4 29. Rf4 Qb2 30. Rdxd4 Qxc2+ 31. Be2 Qc1 32. Qxe6+ Kb8 33. Qe5+ Ka8 34. Rxd8+ Rxd8 35. Rf1 Qd2 36. Rd1 Qa5 37. Rxd8+ Qxd8 38. Bf3 a6 39. Bg2 Qd2 40. Qd6 1-0


[Site "https://www.chess.com"]

[Event "Titled Tuesday Blitz September 20 Late 2022"]
[White "Kamsky, Gata"]
[Black "Bjelobrk, Igor"]
[WhiteFideId "2000024"]
[BlackFideId "4300726"]
[WhiteElo "2666"]
[BlackElo "2335"]
[Result "1/2-1/2"]
[Round "02"]
[TimeControl "180+1"]
[Date "2022.09.20"]
[WhiteClock "0:00:07"]
[BlackClock "0:00:14"]

1. e4 e5 2. Nf3 Nc6 3. Bb5 a6 4. Ba4 Bc5 5. c3 Nge7 6. O-O Ng6 7. d4 Ba7 8. Bxc6 dxc6 9. Nxe5 Nxe5 10. dxe5 Qe7 11. Qf3 Qxe5 12. Be3 O-O 13. Bxa7 Rxa7 14. Qe3 Ra8 15. Nd2 Re8 16. Rfe1 b6 17. Qg3 Bb7 18. Qxe5 Rxe5 19. f3 c5 20. Nc4 Ree8 21. Rad1 Rad8 22. Kf2 Kf8 23. g4 f6 24. h4 Kf7 25. Kg3 a5 26. Ne3 Bc8 27. g5 Be6 28. gxf6 gxf6 29. a3 Bb3 30. Rxd8 Rxd8 31. Re2 Be6 32. Kf4 a4 33. Rg2 h5 34. Nf5 Bxf5 35. Kxf5 Rd3 36. f4 Rf3 37. Rh2 Rf1 38. e5 fxe5 39. Kxe5 Re1+ 40. Kf5 Rg1 41. Ke5 Re1+ 42. Kd5 Rf1 43. Kc6 Rxf4 44. Kxc7 Rf6 45. Rg2 Re6 46. Rg5 Re2 47. Kxb6 Rxb2+ 48. Ka5 Rb3 49. Kxa4 Rxc3 50. Rxh5 Kg6 51. Rd5 Kf6 52. h5 Ke6 53. Rg5 Kf6 54. Rg6+ Ke5 55. h6 Rh3 56. Kb5 Rxa3 57. Rg5+ Kf6 58. Rh5 Ra8 59. Kxc5 Rh8 60. Kd5 Kg6 61. Rh4 Rxh6 62. Rxh6+ Kxh6 1/2-1/2


[Site "https://www.chess.com"]

[Event "Titled Tuesday Blitz September 20 Late 2022"]
[White "Koellner, Ruben Gideon"]
[Black "Lenderman, Aleksandr"]
[WhiteFideId "12993093"]
[BlackFideId "2021285"]
[WhiteElo "2286"]
[BlackElo "2607"]
[Result "0-1"]
[Round "02"]
[TimeControl "180+1"]
[Date "2022.09.20"]
[WhiteClock "0:00:27"]
[BlackClock "0:01:37"]

1. d4 d5 2. Bf4 c5 3. e3 cxd4 4. exd4 Nc6 5. c3 Bf5 6. Bd3 Bxd3 7. Qxd3 e6 8. Nf3 Bd6 9. Bxd6 Qxd6 10. O-O Nf6 11. Nbd2 O-O 12. Rfe1 Rab8 13. a4 a6 14. a5 Qc7 15. b4 Rbc8 16. Re3 Ne7 17. Ne5 Nf5 18. Rh3 h6 19. Re1 Nd6 20. g4 Nfe4 21. Nb1 f6 22. Ng6 Rfe8 23. Rhe3 Qf7 24. Nh4 Nb5 25. Rc1 Ned6 26. Qg6 Qxg6 27. Nxg6 Kf7 28. Nf4 g5 29. Nd3 Ne4 30. Nc5 Nxc5 31. dxc5 Rcd8 32. Rd1 e5 33. Red3 d4 34. c4 Na7 35. f3 Nc6 36. Rb3 e4 37. fxe4 Rxe4 38. h3 d3 39. Rbxd3 Rxd3 40. Rxd3 Rxc4 41. Nc3 Ne5 42. Re3 Rxb4 43. Ne4 Ke6 44. Re2 Rb5 45. Rf2 Nd7 46. Rd2 Nxc5 47. Nxc5+ Rxc5 48. Rb2 Rb5 49. Re2+ Kf7 50. Rc2 Kg6 51. Rc7 h5 52. Kg2 Rb2+ 53. Kg3 h4+ 54. Kf3 Rh2 55. Rxb7 Rxh3+ 56. Kf2 Ra3 57. Kg2 Rxa5 58. Ra7 Ra3 59. Kh2 Rg3 0-1


[Site "https://www.chess.com"]

[Event "Titled Tuesday Blitz September 20 Late 2022"]
[White "Kravtsiv, Martyn"]
[Black "Danielyan, Vahe"]
[WhiteFideId "14113147"]
[BlackFideId "13304828"]
[WhiteElo "2694"]
[BlackElo "2421"]
[Result "1-0"]
[Round "02"]
[TimeControl "180+1"]
[Date "2022.09.20"]
[WhiteClock "0:00:04"]
[BlackClock "0:00:01"]

1. e4 e5 2. Nf3 Nc6 3. Nc3 Nf6 4. a4 a6 5. d4 exd4 6. Nxd4 Bb4 7. Nxc6 bxc6 8. Bd3 d5 9. Bd2 O-O 10. O-O Rb8 11. Re1 Re8 12. exd5 Rxe1+ 13. Qxe1 cxd5 14. h3 c6 15. b3 h6 16. Ne2 Bd6 17. Nd4 Qc7 18. Nf5 Bxf5 19. Bxf5 Re8 20. Qf1 Bh2+ 21. Kh1 Bf4 22. Bc3 Be5 23. Bxe5 Qxe5 24. Bd3 a5 25. Kg1 g5 26. Rd1 Kg7 27. g3 Qc3 28. Kh2 Nd7 29. Kh1 Nc5 30. Kg2 Re5 31. Kh2 h5 32. Kg2 Kh6 33. f4 Nxd3 34. fxe5 Qxc2+ 35. Kg1 Qc5+ 36. Kh2 Qc2+ 37. Kg1 Nxe5 38. Qf6+ Ng6 39. Rf1 Qxb3 40. Kh2 h4 41. gxh4 gxh4 42. Rf3 Qc2+ 43. Rf2 Qd3 44. Rf3 Qe2+ 45. Rf2 Qe3 46. Rf3 Qe2+ 47. Rf2 Qe5+ 48. Qxe5 Nxe5 49. Rf5 Nc4 50. Rf6+ Kg5 51. Rxc6 Ne5 52. Rc5 Kf4 53. Rxd5 f5 54. Rxa5 Nf3+ 55. Kg2 Nd4 56. Kf2 Ke4 57. Ra8 f4 58. a5 Nf5 59. Re8+ Kd5 60. a6 Nd6 61. a7 1-0


[Site "https://www.chess.com"]

[Event "Titled Tuesday Blitz September 20 Late 2022"]
[White "Livaic, Leon"]
[Black "Krishnan, Varun"]
[WhiteFideId "14531534"]
[BlackFideId "5054508"]
[WhiteElo "2540"]
[BlackElo "2639"]
[Result "1-0"]
[Round "02"]
[TimeControl "180+1"]
[Date "2022.09.20"]
[WhiteClock "0:00:06"]
[BlackClock "0:00:05"]

1. d4 d5 2. c4 dxc4 3. e3 Nf6 4. Bxc4 e6 5. Nf3 a6 6. O-O c5 7. b3 b5 8. Be2 Bb7 9. a4 b4 10. Bb2 Nbd7 11. Nbd2 cxd4 12. Nxd4 Bc5 13. Bf3 Bxf3 14. Qxf3 O-O 15. Nc4 Rc8 16. Rac1 Qc7 17. Rfd1 Ne5 18. Nxe5 Qxe5 19. Rc4 Bb6 20. Nc6 Qxb2 21. Ne7+ Kh8 22. Rxc8 Rxc8 23. Nxc8 Bc7 24. e4 h6 25. g3 Qc3 26. Qxc3 bxc3 27. f3 Ba5 28. Rc1 Nd7 29. Nd6 Nc5 30. Nc4 Nxb3 31. Rf1 Bb4 32. Ne5 c2 33. Nd3 Bd2 34. Kg2 c1=Q 35. Nxc1 Bxc1 36. Rd1 Bd2 37. Rb1 Nc5 38. Rb2 Bc3 39. Rc2 Bb4 40. a5 e5 41. Rc4 Nd3 42. Rc6 Bxa5 43. Rxa6 Bb4 44. Ra7 f6 45. Rd7 Nc5 46. Rd8+ Kh7 47. Rb8 Bc3 48. Rc8 Bd4 49. h4 Nd3 50. g4 Nf4+ 51. Kg3 Ne2+ 52. Kg2 Be3 53. h5 Nd4 54. Re8 Ne2 55. Rd8 Nf4+ 56. Kg3 Bb6 57. Rd7 Ba5 58. Kf2 Bc3 59. Rd8 Ne6 60. Rc8 Bd4+ 61. Kg3 g6 62. Re8 Ng5 63. Re7+ Kg8 64. hxg6 Be3 65. Rb7 Bf4+ 66. Kf2 Ne6 67. Rf7 Nf8 68. Rxf6 Kg7 69. Rf7+ Kg8 70. Rf6 Kg7 71. Rf7+ Kg8 72. Rb7 Nxg6 73. Kg2 Nf8 74. Kh3 Ne6 75. Kh4 Nd4 76. Kh5 Nxf3 77. Kg6 Nh4+ 78. Kf6 Kh8 79. Ra7 Kg8 80. Ra8+ Kh7 81. Rc8 Nf3 82. Rc7+ Kg8 83. Kg6 Kf8 84. Kf5 Nd4+ 85. Kf6 Ke8 86. Re7+ Kd8 87. Rh7 Ne2 88. Kf5 Ng3+ 89. Ke6 Nxe4 90. Kf5 Ng5 91. Rxh6 Nf7 92. Rh7 Ke7 93. Kg6 Ke6 94. Rxf7 e4 95. Rxf4 Ke5 96. Rxe4+ Kxe4 97. g5 1-0


[Site "https://www.chess.com"]

[Event "Titled Tuesday Blitz September 20 Late 2022"]
[White "Marczuk, Dominik"]
[Black "Lin, Dachey"]
[WhiteFideId "1111264"]
[BlackFideId "2029650"]
[WhiteElo "1947"]
[BlackElo "2313"]
[Result "0-1"]
[Round "02"]
[TimeControl "180+1"]
[Date "2022.09.20"]
[WhiteClock "0:00:01"]
[BlackClock "0:00:14"]

1. e4 g6 2. d4 Bg7 3. Nc3 d5 4. e5 c5 5. Bb5+ Nc6 6. Nge2 e6 7. O-O cxd4 8. Nxd4 Bd7 9. f4 Nxd4 10. Bxd7+ Qxd7 11. Qxd4 Ne7 12. Qd3 O-O 13. Ne2 Rac8 14. c3 Qa4 15. Be3 a6 16. Nd4 Qc4 17. Qd2 b5 18. a3 Rfd8 19. g4 Qc7 20. Rae1 Nc6 21. Nxc6 Qxc6 22. Bd4 Kh8 23. Kh1 Rg8 24. f5 gxf5 25. gxf5 Bf8 26. Rf3 Bc5 27. Qh6 exf5 28. Qh4 Rg4 29. Qh5 Bxd4 30. cxd4 Qc2 31. Rg3 Rcg8 32. Reg1 Qe4+ 33. R1g2 Rxg3 34. hxg3 Rxg3 0-1


[Site "https://www.chess.com"]

[Event "Titled Tuesday Blitz September 20 Late 2022"]
[White "Martin Duque, Jesus"]
[Black "Donchenko, Alexander"]
[WhiteFideId "2208954"]
[BlackFideId "24603295"]
[WhiteElo "2258"]
[BlackElo "2572"]
[Result "0-1"]
[Round "02"]
[TimeControl "180+1"]
[Date "2022.09.20"]
[WhiteClock "0:00:03"]
[BlackClock "0:00:04"]

1. Nf3 Nf6 2. b3 g6 3. Bb2 Bg7 4. g3 b6 5. Bg2 Bb7 6. O-O O-O 7. e3 c5 8. Qe2 d5 9. Rd1 Nc6 10. d4 cxd4 11. Nxd4 Nxd4 12. Bxd4 Qc7 13. Nc3 e5 14. Nb5 Qb8 15. Bb2 a6 16. Na3 b5 17. Bc3 Qc7 18. Bb4 Rfd8 19. c4 dxc4 20. Bxb7 Qxb7 21. bxc4 Rxd1+ 22. Rxd1 a5 23. Bd6 b4 24. Nb5 Ne4 25. h4 Rc8 26. a3 b3 27. a4 Qc6 28. c5 Bf8 29. Na7 Nc3 30. Qd3 Qf3 31. Re1 Ne4 32. Re2 Nxc5 33. Bxc5 Rxc5 34. Re1 b2 35. Qb1 Rc4 36. Nb5 Rb4 37. Qc2 Qd5 38. Qb1 Qb3 39. Rd1 Qxa4 40. Nc7 Qc6 41. Nd5 Rb3 42. Nf6+ Qxf6 43. Qc2 Qb6 44. Rb1 a4 45. Qc4 a3 46. Qa4 Qb5 47. Qa8 Rc3 48. Kg2 Rc1 49. Ra1 Rxa1 50. Qxf8+ Kxf8 0-1


[Site "https://www.chess.com"]

[Event "Titled Tuesday Blitz September 20 Late 2022"]
[White "Martinez Alcantara, Jose Eduardo"]
[Black "Averjanov, Alexey"]
[WhiteFideId "3805662"]
[BlackFideId "14109867"]
[WhiteElo "2703"]
[BlackElo "2654"]
[Result "1-0"]
[Round "02"]
[TimeControl "180+1"]
[Date "2022.09.20"]
[WhiteClock "0:00:43"]
[BlackClock "0:00:25"]

1. e4 c6 2. Nf3 d5 3. d3 Qc7 4. exd5 cxd5 5. c4 Nf6 6. Nc3 dxc4 7. dxc4 a6 8. Be2 Bf5 9. O-O e6 10. Nh4 Bg6 11. h3 Nc6 12. Be3 Be7 13. Nxg6 hxg6 14. a3 O-O 15. Qa4 Rfd8 16. Rad1 Rxd1 17. Rxd1 Rd8 18. b4 Rxd1+ 19. Qxd1 Ne5 20. c5 Nc6 21. Bf3 Qd7 22. Qxd7 Nxd7 23. Ne4 Nde5 24. Be2 Kf8 25. f4 Nd7 26. Kf2 Nf6 27. Kf3 Nxe4 28. Kxe4 Ke8 29. Kd3 Bf6 30. Kc4 Kd7 31. a4 e5 32. b5 axb5+ 33. axb5 Nd8 34. Bg4+ Kc7 35. Kd5 Bh4 36. fxe5 Bg3 37. e6 fxe6+ 38. Bxe6 Bh2 39. Bd4 Bf4 40. b6+ Kb8 41. Bxg7 Be3 42. Be5+ Ka8 43. Bd7 g5 44. Be8 Bf2 45. Bf6 Nc6 46. Bxc6 bxc6+ 47. Kxc6 Be3 48. Be5 g4 49. b7+ Ka7 50. b8=Q+ Ka6 51. Qb6# 1-0


[Site "https://www.chess.com"]

[Event "Titled Tuesday Blitz September 20 Late 2022"]
[White "Mladek, Richard"]
[Black "Nakamura, Hikaru"]
[WhiteFideId "386588"]
[BlackFideId "2016192"]
[WhiteElo "2666"]
[BlackElo "3246"]
[Result "0-1"]
[Round "02"]
[TimeControl "180+1"]
[Date "2022.09.20"]
[WhiteClock "0:00:09"]
[BlackClock "0:01:41"]

1. d4 f5 2. Nf3 g6 3. g3 Bg7 4. Bg2 d6 5. O-O Nh6 6. c4 Nf7 7. Nc3 e5 8. e4 f4 9. dxe5 fxg3 10. fxg3 dxe5 11. Qxd8+ Nxd8 12. Nd5 Na6 13. Bg5 Nf7 14. Bf6 O-O 15. Ne7+ Kh8 16. Nxe5 Nxe5 17. Bxe5 Rxf1+ 18. Rxf1 Bxe5 19. Rf8+ Kg7 20. Rxc8 Rxc8 21. Nxc8 Bxb2 22. e5 Nc5 23. e6 c6 24. Nd6 Kf8 25. Kf2 Be5 26. Nc8 Nxe6 27. Nxa7 Bd4+ 0-1


[Site "https://www.chess.com"]

[Event "Titled Tuesday Blitz September 20 Late 2022"]
[White "Moroni, Luca Jr"]
[Black "Perske, Thore"]
[WhiteFideId "865834"]
[BlackFideId "12902195"]
[WhiteElo "2573"]
[BlackElo "2315"]
[Result "1-0"]
[Round "02"]
[TimeControl "180+1"]
[Date "2022.09.20"]
[WhiteClock "0:00:23"]
[BlackClock "0:00:01"]

1. d4 Nf6 2. Bf4 g6 3. Nc3 Bg7 4. e4 d5 5. e5 Ne4 6. Nxe4 dxe4 7. Qd2 c5 8. c3 cxd4 9. cxd4 Nc6 10. Ne2 O-O 11. Rd1 f6 12. exf6 exf6 13. Nc3 f5 14. Be3 Bd7 15. Be2 Qf6 16. O-O Kh8 17. d5 Ne5 18. Bd4 Qd6 19. b3 a6 20. Qb2 Rac8 21. a4 Rfe8 22. b4 Kg8 23. Bc5 Qf6 24. d6 Nf3+ 25. gxf3 Qxc3 26. Qxc3 Bxc3 27. fxe4 fxe4 28. a5 Kg7 29. Kg2 Re5 30. h4 Ree8 31. Rc1 Bf6 32. Rh1 h5 33. Rcd1 Rcd8 34. Bc4 Bc6 35. Bd5 Bxd5 36. Rxd5 Rd7 37. Kh3 Kf7 38. Re1 Re6 39. Re2 Bg7 40. Red2 Bf6 41. Be3 Re5 42. Rc5 Ke6 43. Rc7 Rb5 44. Bc5 Bc3 45. Re2 Rxc7 46. dxc7 Kd7 47. Rc2 Be5 48. Bb6 1-0


[Site "https://www.chess.com"]

[Event "Titled Tuesday Blitz September 20 Late 2022"]
[White "Naroditsky, Daniel"]
[Black "Sargsyan, Anna M."]
[WhiteFideId "2026961"]
[BlackFideId "13308130"]
[WhiteElo "2628"]
[BlackElo "2271"]
[Result "1-0"]
[Round "02"]
[TimeControl "180+1"]
[Date "2022.09.20"]
[WhiteClock "0:00:31"]
[BlackClock "0:00:03"]

1. e4 c6 2. d4 d5 3. f3 dxe4 4. fxe4 e5 5. Nf3 Bg4 6. c3 Nf6 7. Be2 Nbd7 8. O-O Bd6 9. Nbd2 O-O 10. Nc4 Bc7 11. Nfxe5 Bxe2 12. Qxe2 Nxe5 13. dxe5 Nd7 14. Bf4 b5 15. Nd6 Nxe5 16. Bxe5 Bxd6 17. Rad1 Bc5+ 18. Kh1 Qe7 19. Rf5 Rad8 20. Rdf1 f6 21. Bg3 Rfe8 22. e5 Rd5 23. c4 bxc4 24. Qxc4 fxe5 25. Rxe5 Qd7 26. Rxe8+ Qxe8 27. h3 h6 28. b4 Bb6 29. a4 Kh7 30. b5 Rc5 31. Qd3+ Qg6 32. Qxg6+ Kxg6 33. bxc6 Rxc6 34. Ra1 Bd4 35. Rd1 Bf6 36. Rd5 a6 37. Kh2 Bc3 38. h4 a5 39. Kh3 Kh7 40. h5 Rc4 41. Rd3 Bf6 42. Ra3 Rb4 43. Be1 Rb7 44. Bxa5 Ra7 45. Bb6 Ra6 46. a5 g6 47. hxg6+ Kxg6 48. Kg4 h5+ 49. Kf4 Be7 50. Ra4 Bd6+ 51. Ke4 Be7 52. Kd5 h4 53. Kc6 Ra8 54. Kb7 Re8 55. a6 Bf6 56. a7 Re7+ 57. Bc7 Be5 58. Rc4 Bxc7 59. Rxc7 Rxc7+ 1-0


[Site "https://www.chess.com"]

[Event "Titled Tuesday Blitz September 20 Late 2022"]
[White "Paravyan, David"]
[Black "Al-Tarboush, Ward"]
[WhiteFideId "4194985"]
[BlackFideId "7601450"]
[WhiteElo "2555"]
[BlackElo "2234"]
[Result "1-0"]
[Round "02"]
[TimeControl "180+1"]
[Date "2022.09.20"]
[WhiteClock "0:00:16"]
[BlackClock "0:00:15"]

1. e4 c5 2. Nf3 Nc6 3. Nc3 e5 4. Bc4 d6 5. d3 Be7 6. a4 Nf6 7. Bg5 O-O 8. Bxf6 Bxf6 9. Nd5 Be6 10. c3 a6 11. h4 h6 12. Nd2 Bxh4 13. Qh5 Bg5 14. Nf3 g6 15. Qh2 Kg7 16. a5 Bg4 17. Nxg5 Qxg5 18. O-O Qd8 19. f4 exf4 20. Rxf4 Be6 21. Nb6 Rb8 22. Bxe6 fxe6 23. Rxf8 Qxf8 24. Nd7 Qe7 25. Nxb8 Nxb8 26. Qf4 Nc6 27. Rf1 e5 28. Qg4 Nxa5 29. Qc8 Nc6 30. Rf3 h5 31. Kf1 Nd8 32. g3 Ne6 33. Kg2 Ng5 34. Rf1 Nf7 35. b4 cxb4 36. cxb4 h4 37. Qg4 hxg3 38. Qxg3 Qg5 39. Rxf7+ Kxf7 40. Qxg5 1-0


[Site "https://www.chess.com"]

[Event "Titled Tuesday Blitz September 20 Late 2022"]
[White "Safarli, Eltaj"]
[Black "Godzwon, Iwo"]
[WhiteFideId "13402129"]
[BlackFideId "21802483"]
[WhiteElo "2634"]
[BlackElo "2201"]
[Result "1-0"]
[Round "02"]
[TimeControl "180+1"]
[Date "2022.09.20"]
[WhiteClock "0:02:00"]
[BlackClock "0:01:43"]

1. e4 c5 2. Nc3 e6 3. Nf3 a6 4. g3 b5 5. d4 cxd4 6. Nxd4 Bb7 7. Bg2 Qc7 8. O-O d6 9. Re1 Nd7 10. a4 b4 11. Na2 Ngf6 12. Nxb4 d5 13. Nxd5 exd5 14. exd5+ Kd8 15. Nc6+ Kc8 16. c4 Bd6 17. b4 Re8 18. Rxe8+ Nxe8 19. c5 Be5 20. Ne7+ Kd8 21. d6 Bxd6 22. cxd6 Qxd6 23. Qxd6 Nxd6 24. Nc6+ Kc7 25. Bf4 Bxc6 26. Rc1 Nb8 27. b5 axb5 28. axb5 g5 29. Bxc6 Ra5 30. Be8+ Kd8 31. Bxd6 1-0


[Site "https://www.chess.com"]